 Dungeon Crawl Stone Soup version 0.16-a0-390-gb1c4911 (webtiles) character file.

159 PolkaDot the Vexing (level 5, -8/35 HPs)
             Began as a Vampire Enchanter on Sept 13, 2014.
             Killed from afar by katzbalger's ghost (14 damage)
             ... with a flame tongue
             ... on Level 3 of the Dungeon.
             The game lasted 00:09:27 (4442 turns).

PolkaDot the Vexing (Vampire Enchanter)             Turns: 4442, Time: 00:09:27

HP  -8/35        AC  3     Str  7      XL: 5   Next: 17%
MP   6/9         EV 12     Int 18      God:
Gold 71          SH  0     Dex 14      Spells:  4 memorised,  0 levels left

rFire  . . .     SeeInvis +     a - +1 dagger
rCold  + + .     Clarity  .     b - +1 robe
rNeg   + + +     rCorr    .     (no shield)
rPois  +         rRot     +     (no helmet)
rElec  .         Spirit   .     (no cloak)
SustAb .         Warding  .     (no gloves)
rMut   .         Stasis   .     (no boots)
Gourm  .                        (no amulet)
MR     .....                    (no ring)
                                (no ring)

@: bloodless, non-regenerating, not resistant to hostile enchantments, stealthy
A: fangs 3, see invisible, unbreathing
a: Bat Form


You were on level 3 of the Dungeon.
You were bloodless.

You visited 1 branch of the dungeon, and saw 4 of its levels.

You collected 71 gold pieces.

Inventory:

Hand weapons
 a - a +1 dagger (weapon)
Armour
 b - a +1 robe (worn)
Scrolls
 f - 3 scrolls of enchant weapon {unknown}
 i - 2 scrolls of noise {unknown}
 j - 3 scrolls of remove curse {unknown}
 l - 2 scrolls of magic mapping {unknown}
 n - a scroll of identify {unknown}
Potions
 d - a potion of brilliance {unknown}
 e - 2 potions of curing
 h - a potion of degeneration {unknown}
 k - a potion of haste {unknown}
 m - a potion of restore abilities {unknown}
Books
 c - a book of Maledictions

   Spells                             Type                      Level
   *Corona                            Hexes                        1
   *Sure Blade                        Hexes/Charms                 2
   *Ensorcelled Hibernation           Hexes/Ice                    2
   *Confuse                           Hexes                        3
   Dazzling Spray                     Conjuration/Hexes            3
   Enslavement                        Hexes                        4


   Skills:
 + Level 2.4 Short Blades
 - Level 2.1 Dodging
 + Level 5.6 Stealth
 - Level 2.0 Spellcasting
 * Level 7.0 Hexes
 - Level 1.0 Ice Magic


You couldn't memorise any spells.
You knew the following spells:

 Your Spells              Type           Power        Failure   Level  Hunger
a - Corona                Hex            ####...      1%          1    #......
b - Sure Blade            Hex/Chrm       ##........   8%          2    ##.....
c - Confuse               Hex            ####....     2%          3    ####...
d - Ensorcelled Hibernat  Hex/Ice        ###...       6%          2    ##.....


Dungeon Overview and Level Annotations

Branches:
Dungeon (4/15)
 Temple: D:4-7

Altars:
Kikubaaqudgha
Qazlal

Annotations:
D:3 katzbalger's ghost, average NaFE


Innate Abilities, Weirdness & Mutations

You do not heal naturally.
You have razor-sharp teeth.
You have supernaturally acute eyesight.
You can survive without breathing.


Message History

You barely miss katzbalger's ghost.
You bite katzbalger's ghost, but do no damage.
Katzbalger's ghost is severely damaged.
You hit katzbalger's ghost.
You bite katzbalger's ghost, but do no damage.
Katzbalger's ghost is severely damaged.
You hit katzbalger's ghost.
You bite katzbalger's ghost, but do no damage.
Katzbalger's ghost is severely damaged.
Katzbalger's ghost misses you.
You hit katzbalger's ghost but do no damage.
Katzbalger's ghost is severely damaged.
You barely miss katzbalger's ghost.
Katzbalger's ghost is severely damaged.
You barely miss katzbalger's ghost.
Katzbalger's ghost is severely damaged.
Katzbalger's ghost seems less confused.
Katzbalger's ghost points at you and mumbles some strange words.
The flame tongue hits you!
You die...

#.# #.#######.# #+#
#.#######.#
#.........#
#########.# # ##. #.#
...
###...##.######.....#
.........%...........
###...##.#######....#
##....@W..# .
##.##.##.# # #.# #
..# #.## #. #. .. .


You could see katzbalger's ghost.

Vanquished Creatures
  4 gnolls (D:4)
  5 adders (D:2)
  A giant mite (D:4)
  A worm (D:2)
  3 oozes
  An orc (D:4)
  A bat zombie (D:2)
  5 hobgoblins
  7 jackals
  A quokka (D:2)
  A ball python (D:1)
  6 bats
  5 giant cockroaches
  4 giant newts
  3 goblins
  9 kobolds
  4 rats
61 creatures vanquished.

Notes
Turn   | Place    | Note
--------------------------------------------------------------
     0 | D:1      | PolkaDot, the Vampire Enchanter, began the quest for the Orb.
     0 | D:1      | Reached XP level 1. HP: 13/13 MP: 3/3
   457 | D:1      | Reached XP level 2. HP: 19/19 MP: 4/4
   461 | D:1      | Learned a level 2 spell: Ensorcelled Hibernation
   657 | D:1      | Reached skill level 1 in Ice Magic
   977 | D:1      | Reached skill level 5 in Hexes
  1096 | D:1      | Reached XP level 3. HP: 21/24 MP: 0/6
  1101 | D:1      | Learned a level 3 spell: Confuse
  2221 | D:2      | Reached skill level 5 in Stealth
  2350 | D:2      | Found an ancient bone altar of Kikubaaqudgha.
  2433 | D:2      | Reached XP level 4. HP: 11/30 MP: 4/7
  2563 | D:2      | Reached skill level 6 in Hexes
  2671 | D:2      | Found a stormy altar of Qazlal.
  2673 | D:2      | Noticed a fire elemental
  2675 | D:2      | Noticed an air elemental
  2675 | D:2      | Noticed an earth elemental
  2675 | D:2      | Noticed a water elemental
  4116 | D:4      | Reached XP level 5. HP: 31/35 MP: 6/9
  4257 | D:4      | Reached skill level 7 in Hexes
  4405 | D:3      | Noticed katzbalger's ghost (average NaFE)
  4409 | D:3      | Learned a level 2 spell: Sure Blade
  4442 | D:3      | Killed from afar by katzbalger's ghost

Action                   |  1- 3 |  4- 6 || total
-------------------------+-------+-------++-------
Melee: Dagger            |   126 |    51 ||   177
 Cast: Corona            |     2 |       ||     2
       Ensorcelled Hiber |    18 |    28 ||    46
       Confuse           |       |     2 ||     2
  Use: Potion            |       |     2 ||     2
 Stab: Sleeping          |    21 |    18 ||    39
       Distracted        |     1 |       ||     1
       Confused          |       |     1 ||     1
